 Dungeon Crawl Stone Soup version 0.22-a0-38-gc6ec8ce517 (webtiles) character file.

36211 Manul the Fighter (level 13, -10/125 HPs)
             Began as a Pale Draconian Monk on Jan 4, 2018.
             Was an Initiate of Gozag.
             Mangled by a komodo dragon (26 damage)
             ... on level 15 of the Dungeon.
             The game lasted 00:31:25 (20039 turns).

Manul the Fighter (Pale Draconian Monk)            Turns: 20039, Time: 00:31:25

Health: -10/125    AC: 16    Str: 11    XL:     13   Next: 51%
Magic:  0/13       EV: 24    Int: 14    God:    Gozag
Gold:   2502       SH:  0    Dex: 23    Spells: 11/12 levels left

rFire    + . .     SeeInvis .   s - +0 lajatang (pain)
rCold    . . .     Gourm    .   (shield currently unavailable)
rNeg     . . .     Faith    .   (armour unavailable)
rPois    .         Spirit   +   g - +2 hat
rElec    .         Reflect  .   (no cloak)
rCorr    .         Harm     .   z - +2 pair of gloves
MR       .....                  D - +0 pair of boots
Stlth    +++.......             c - amulet of guardian spirit
HPRegen  0.30/turn              F - ring of protection from fire
MPRegen  0.13/turn              O - ring "Jylom" {AC+2 Str-2 Int+2 Dex+5}

@: gold aura
A: breathe steam, unfitting armour, mutation resistance 1, cold-blooded, AC +8
a: Breathe Steam, Potion Petition, Call Merchant, Bribe Branch, Renounce
Religion


You were on level 15 of the Dungeon.
You worshipped Gozag.
Gozag was most pleased with you.
You were not hungry.

You visited 2 branches of the dungeon, and saw 16 of its levels.
You visited 1 bazaar.
You also visited: Labyrinth.

You collected 3665 gold pieces.
You spent 482 gold pieces at shops.
You paid 681 gold pieces to Gozag.

Inventory:

Hand Weapons
 r - the +11 quarterstaff of the Inferno {flame, -Tele rC+ Dex+5}
   (You bought it in a shop on level 11 of the Dungeon)

   It has been specially enchanted to burn those struck by it, causing extra
   injury to most foes and up to half again as much damage against particularly
   susceptible opponents.
   It affects your dexterity (+5).
   It protects you from cold.
   It prevents most forms of teleportation.
 s - a +0 lajatang of pain (weapon)
 t - a +2 spear of draining
 L - a +0 long sword
 P - a +4 demon blade
Armour
 g - a +2 hat (worn)
 z - a +2 pair of gloves (worn)
 D - a +0 pair of boots (worn)
Jewellery
 c - an amulet of guardian spirit (around neck)
 d - the ring of the Tempest {Ice *Contam rPois Dex+5 Stlth+}
   (You bought it in a shop in a bazaar)

   [ring of ice]

   It enhances your ice magic.
   It affects your dexterity (+5).
   It makes you vulnerable to fire.
   It protects you from cold.
   It protects you from poison.
   It causes magical contamination when unequipped.
   It makes you more stealthy.
 k - an uncursed ring of positive energy
 l - an uncursed ring of resist corrosion
 u - an uncursed ring of see invisible
 A - an uncursed ring of protection from cold
 B - a +3 ring of evasion
 F - a ring of protection from fire (left hand)
 J - a +2 ring of protection
 O - the ring "Jylom" (right hand) {AC+2 Str-2 Int+2 Dex+5}
   (You found it in a labyrinth)

   [ring of protection]

   It affects your AC (+2).
   It affects your strength (-2).
   It affects your intelligence (+2).
   It affects your dexterity (+5).
 S - a +3 ring of dexterity {unknown}
Wands
 a - a wand of acid (6)
 n - a wand of iceblast (12)
 w - a wand of disintegration (18)
 G - a wand of digging (19)
 H - a wand of enslavement (4)
 I - a wand of polymorph (12)
 R - a wand of random effects (18)
Scrolls
 e - 4 scrolls of fear
 f - 8 scrolls of identify
 i - a scroll of amnesia
 j - 2 scrolls of remove curse
 m - 2 scrolls of brand weapon
 C - 6 scrolls of enchant weapon
 E - 4 scrolls of teleportation
 K - a scroll of fog
 M - 2 scrolls of immolation
 N - a scroll of holy word
 T - a scroll of enchant armour
Potions
 h - a potion of haste
 o - a potion of brilliance
 p - 3 potions of curing
 q - 4 potions of agility
 v - 3 potions of might
 U - 2 potions of flight {unknown}
 W - a potion of heal wounds
Books
 x - a book of Air

   Spells                             Type                      Level
   a - Shock                          Conjuration/Air              1
   b - Swiftness                      Charms/Air                   2
   c - Static Discharge               Conjuration/Air              3
   d - Airstrike                      Air                          4
   e - Lightning Bolt                 Conjuration/Air              5
 y - a book of Debilitation

   Spells                             Type                      Level
   a - Corona                         Hexes                        1
   b - Slow                           Hexes                        2
   c - Inner Flame                    Hexes/Fire                   3
   d - Portal Projectile              Hexes/Translocation          3
   e - Cause Fear                     Hexes                        4
   f - Leda's Liquefaction            Hexes/Earth                  4
 Q - a book of Party Tricks

   Spells                             Type                      Level
   a - Summon Butterflies             Summoning                    1
   b - Apportation                    Translocation                1
   c - Lesser Beckoning               Translocation                3
   d - Tukima's Dance                 Hexes                        3
   e - Alistair's Intoxication        Transmutation/Poison         5
   f - Invisibility                   Hexes                        6
Comestibles
 b - 15 rations


   Skills:
 + Level 14.5 Fighting
 * Level 6.2 Long Blades
 - Level 11.8(11.9) Polearms
 - Level 2.0(7.9) Staves
 + Level 0.3 Throwing
 + Level 12.5 Dodging
 - Level 3.4 Stealth
 + Level 1.2 Evocations


You had 11 spell levels left.
You knew the following spells:

 Your Spells              Type           Power        Failure   Level  Hunger
a - Corona                Hex            #......      28%         1    ##.....


Dungeon Overview and Level Annotations

Branches:
Dungeon (15/15)            Temple (1/1) D:6            Lair (0/6) D:11
    Orc (0/2) D:12         Vaults (0/5) D:13
 Depths: D:15

Altars:
Ashenzari
Cheibriados
Dithmenos
Elyvilon
Fedhas
Gozag
Kikubaaqudgha
Makhleb
Nemelex Xobeh
Okawaru
Qazlal
Ru
Sif Muna
Trog
Uskayaw
Vehumet
Wu Jian
Xom
Yredelemnul
Zin
The Shining One

Shops:
D:5 *   D:11 (   D:13 }}*

Annotations:
D:10 Gastronok


Innate Abilities, Weirdness & Mutations

You can breathe blasts of scalding, opaque steam.
Your pale cyan-grey scales are hard. (AC +8)
You cannot fit into any form of body armour.
You are cold-blooded and may be slowed by cold attacks.
You are somewhat resistant to further mutation.


Message History

The centaur warrior zombie is almost destroyed.
The centaur warrior zombie is distracted by your gold.
You slash the centaur warrior zombie!
The centaur warrior zombie is no longer distracted by gold.
You tail-slap the centaur warrior zombie, but do no damage.
The centaur warrior zombie is almost destroyed.
The centaur warrior zombie hits you but does no damage.
The centaur warrior zombie closely misses you.
The komodo dragon hisses menacingly.
You slash the centaur warrior zombie!
You destroy the centaur warrior zombie!
You barely miss the komodo dragon.
You tail-slap the komodo dragon, but do no damage.
The komodo dragon bites you!!
* * * LOW HITPOINT WARNING * * *
You slash the komodo dragon!
The komodo dragon is moderately wounded.
The komodo dragon bites you!!
You die...
Your body crumbles into a pile of gold.

#.#########.# #.#
...........# #.#
#####..#### #.#
#..# #.# #..#####
#.# #....... #.#
#...####
#l#########...#
#@.....!.[....#
##<##....)..#.(..#
#.##(##.##)#.##.#
.....##.##[#.# #
########.##)#.#
#.##.......
#.[....##.#
####.#... #.####.


You could see a komodo dragon.

Vanquished Creatures
  Agnes (D:15)
  Snorg (D:13)
  A minotaur (Lab)
  A catoblepas (D:13)
  2 hydras (D:14)
  A centaur warrior (D:14)
  3 two-headed ogres
  A tengu warrior (D:13)
  A deep elf mage (D:15)
  An orc knight (D:15)
  A wolf spider zombie (D:13)
  A wolf spider (D:14)
  7 ugly things
  2 manticores
  3 cyclopes
  3 slime creatures (D:12)
  2 gargoyles
  A komodo dragon (D:15)
  A freezing wraith (D:14)
  7 trolls
  3 hornets
  3 hippogriffs
  2 redbacks (Lab)
  A shadow (D:15)
  2 wraiths
  A wyvern (D:13)
  23 yaks
  3 hungry ghosts (D:10)
  8 vampire mosquitoes
  A soldier ant (D:9)
  An acid dragon (D:11)
  3 water moccasins
  2 ice beasts
  3 phantoms
  6 sky beasts
  An eye of draining (D:14)
  7 orc warriors
  2 necrophages
  4 wolves (D:11)
  7 ogres
  7 centaurs
  A big kobold (D:10)
  A gnoll sergeant (D:5)
  10 bullfrogs
  A scorpion (D:5)
  17 killer bees
  4 wights (D:6)
  A bullfrog zombie (D:5)
  5 centaur zombies
  7 crimson imps
  2 lava snakes (D:12)
  A quasit (D:7)
  6 orc priests
  11 hounds
  A bullfrog skeleton (D:4)
  4 iguanas
  4 jellies
  3 centaur skeletons
  3 iron imps (D:3)
  13 orc wizards
  11 worker ants
  3 hound skeletons
  A worker ant zombie (D:9)
  15 adders
  11 gnolls
  2 shadow imps
  An ooze (D:5)
  2 worms (D:2)
  2 leopard geckos
  68 orcs
  2 giant cockroaches
  14 goblins
  6 hobgoblins
  10 jackals
  8 kobolds
  3 quokkas
  8 bats
  6 frilled lizards
  A giant cockroach zombie (D:6)
  A jackal zombie (D:7)
  2 leopard gecko skeletons
  8 rats
411 creatures vanquished.

Vanquished Creatures (collateral kills)
  2 slime creatures (D:12)
  An orc warrior (D:12)
3 creatures vanquished.

Vanquished Creatures (others)
  2 dancing weapons (D:13)
  An ice beast (D:15)
  An orc wizard (D:3)
4 creatures vanquished.

Grand Total: 418 creatures vanquished

Notes
Turn   | Place    | Note
-------+----------+-------------------------------------------
     0 | D:1      | Manul the Draconian Monk began the quest for the Orb.
     0 | D:1      | Reached XP level 1. HP: 19/19 MP: 1/1
   126 | D:1      | Reached XP level 2. HP: 22/26 MP: 2/2
   708 | D:2      | Reached XP level 3. HP: 33/33 MP: 3/3
  1069 | D:2      | Found an ornate altar of the Wu Jian Council.
  1524 | D:2      | Reached XP level 4. HP: 34/40 MP: 4/4
  1606 | D:2      | Noticed an ogre
  1618 | D:2      | Killed an ogre
  1618 | D:2      | Reached skill level 4 in Fighting
  1618 | D:2      | Reached XP level 5. HP: 37/46 MP: 5/5
  2114 | D:3      | Gained mutation: You are agile. (Dex +2) [potion of mutation]
  2114 | D:3      | Lost mutation: You are agile. (Dex +2) [potion of mutation]
  2114 | D:3      | Gained mutation: Your muscles are strong. (Str +2) [potion of mutation]
  2429 | D:3      | Found a faded altar of an unknown god.
  2921 | D:3      | Reached XP level 6. HP: 43/52 MP: 4/6
  3164 | D:3      | Found a burning altar of Makhleb.
  3576 | D:3      | Reached skill level 5 in Polearms
  3774 | D:4      | Your scales start taking on a pale cyan-grey colour.
  3774 | D:4      | Reached XP level 7. HP: 49/60 MP: 5/7
  3854 | D:4      | Found a bloodstained altar of Trog.
  4367 | D:4      | Found a blossoming altar of Fedhas.
  4520 | D:5      | Entered Level 5 of the Dungeon
  4531 | D:5      | Found Otzoi's General Store.
  4571 | D:5      | Reached skill level 5 in Fighting
  5068 | D:5      | Reached skill level 5 in Dodging
  5068 | D:5      | Reached XP level 8. HP: 66/69 MP: 8/8
  6173 | D:6      | Found a staircase to the Ecumenical Temple.
  6191 | Temple   | Entered the Ecumenical Temple
  6341 | Temple   | Became a worshipper of Gozag Ym Sagoz the Greedy
  6434 | D:6      | Reached skill level 6 in Fighting
  6895 | D:6      | You fall through a shaft for 2 floors!
  7049 | D:7      | Noticed a cyclops
  7853 | D:6      | Learned a level 1 spell: Corona
  8041 | D:7      | Noticed a hippogriff
  8046 | D:7      | Reached XP level 9. HP: 74/78 MP: 9/9
  8101 | D:7      | Reached skill level 7 in Fighting
  8307 | D:7      | Killed a cyclops
  8775 | D:7      | Found a shadowy altar of Dithmenos.
  9951 | D:8      | Reached skill level 10 in Polearms
  9958 | D:8      | Reached skill level 8 in Fighting
 10088 | D:8      | Found a sacrificial altar of Ru.
 10406 | D:9      | Reached XP level 10. HP: 79/88 MP: 10/10
 11118 | D:9      | Found a glowing silver altar of Zin.
 11131 | D:9      | Found a sparkling altar of Nemelex Xobeh.
 11247 | D:9      | Found a basalt altar of Yredelemnul.
 11260 | D:9      | Found a shattered altar of Ashenzari.
 11397 | D:9      | Noticed an ice dragon
 11521 | D:9      | HP: 3/90 [ice dragon/blast of cold (13)]
 12180 | D:10     | Entered Level 10 of the Dungeon
 12188 | D:10     | Noticed a two-headed ogre
 12207 | D:10     | Killed a two-headed ogre
 12215 | D:10     | Reached skill level 9 in Fighting
 12458 | D:10     | Found a glowing silver altar of Zin.
 12506 | D:10     | Noticed a cyclops
 12872 | D:10     | Killed a cyclops
 13045 | D:10     | Noticed Gastronok
 13337 | D:11     | Found a labyrinth entrance.
 13337 | D:11     | Noticed a red ugly thing
 13376 | D:11     | Bought a slimy quarterstaff for 216 gold pieces
 13378 | Lab      | Entered a labyrinth
 13379 | Lab      | Identified the +11 quarterstaff of the Inferno {flame, -Tele rC+ Dex+5} (You bought it in a shop on level 11 of the Dungeon)
 13691 | Lab      | Noticed a minotaur
 13729 | Lab      | Killed a minotaur
 13729 | Lab      | Reached skill level 1 in Staves
 13729 | Lab      | Reached XP level 11. HP: 42/97 MP: 8/11
 13739 | Lab      | Got a bound lead ring
 13755 | Lab      | Identified the ring "Jylom" {AC+2 Str-2 Int+2 Dex+5} (You found it in a labyrinth)
 14084 | D:11     | Killed a red ugly thing
 14224 | D:11     | Reached skill level 10 in Fighting
 14415 | D:11     | Found a staircase to the Lair.
 14478 | D:11     | Noticed a red ugly thing
 14494 | D:11     | Killed a red ugly thing
 14494 | D:11     | Reached skill level 1 in Evocations
 14524 | D:11     | Noticed a red ugly thing
 14535 | D:11     | Killed a red ugly thing
 14540 | D:11     | Found a shattered altar of Ashenzari.
 14628 | D:11     | Reached skill level 11 in Fighting
 14808 | D:11     | Reached skill level 10 in Dodging
 15177 | D:12     | HP: 4/103 [large slime creature (28)]
 15209 | D:12     | Found a flickering gateway to a bazaar.
 15215 | D:12     | HP: 4/103 [slime creature (10)]
 15618 | D:12     | Reached skill level 12 in Fighting
 15618 | D:12     | Reached XP level 12. HP: 112/112 MP: 12/12
 15700 | Bazaar   | Entered a bazaar
 15715 | Bazaar   | Found Kourant's Assorted Antiques.
 15730 | Bazaar   | Found Raezahu's Food Emporium.
 15730 | Bazaar   | Found Zoseaty's Assorted Antiques.
 15751 | Bazaar   | Found Igeniv's Assorted Antiques.
 15755 | Bazaar   | Bought a vibrating ivory ring for 105 gold pieces
 15755 | Bazaar   | Identified the ring of the Tempest {Ice *Contam rPois Dex+5 Stlth+} (You bought it in a shop in a bazaar)
 15816 | Bazaar   | Bought a scroll labeled UHEFIWN KUFOGEJA for 21 gold pieces
 15830 | Bazaar   | Bought a glowing hat for 140 gold pieces
 16039 | D:12     | Reached skill level 1 in Long Blades
 16406 | D:12     | Found a staircase to the Orcish Mines.
 16853 | D:13     | Found Damaguru's Gadget Boutique.
 16878 | D:13     | Lost mutation: Your muscles are strong. (Str +2) [potion of mutation]
 16878 | D:13     | Gained mutation: You are somewhat resistant to further mutation. [potion of mutation]
 16981 | D:13     | Found a gate to the Vaults.
 17434 | D:13     | Found a stormy altar of Qazlal.
 17455 | D:13     | Noticed a tengu warrior
 17468 | D:13     | Killed a tengu warrior
 17539 | D:13     | Noticed Snorg
 17552 | D:13     | Killed Snorg
 17552 | D:13     | Reached skill level 13 in Fighting
 17645 | D:13     | Noticed a catoblepas
 17672 | D:13     | Killed a catoblepas
 17899 | D:13     | Found Xyru Kikh's Gadget Emporium.
 17958 | D:13     | Found Otis's Assorted Antiques.
 18119 | D:14     | Noticed a four-headed hydra
 18157 | D:14     | Noticed a seven-headed hydra
 18166 | D:14     | Killed a seven-headed hydra
 18481 | D:14     | Reached skill level 5 in Long Blades
 18648 | D:14     | Noticed a centaur warrior
 18668 | D:14     | Killed a centaur warrior
 18668 | D:14     | Reached XP level 13. HP: 59/122 MP: 6/13
 19467 | D:15     | Entered Level 15 of the Dungeon
 19573 | D:15     | Reached skill level 14 in Fighting
 19972 | D:15     | Noticed Agnes
 19987 | D:15     | Killed Agnes
 20039 | D:15     | Mangled by a komodo dragon

Vault maps used:
D:1:      lightli_arrival_noodles
D:2:      kennysheep_the_goblin_king, lemuel_round_altar, first_ration
D:3:      demons_altar, chequers_ecumenical_altar_island
D:4:      fedhas_altar_1, lemuel_crystal_altar
D:5:      serial_shops, kennysheep_mini
D:6:      minmay_temple_entry_grid
D:7:      kennysheep_mini_moat
D:8:      nicolae_ru_path_of_blood
D:9:      dragon1_lemuel, kennysheep_little_box,
          nicolae_overflow_quartered_altars, hangedman_pestilent_swarm
D:10:     basic_altar, uniq_gastronok
D:11:     erik_lair_island, lab_entry_generic, nicolae_ashenzari_panopticon
D:12:     david_orc_4, serial_shops, bzr_entry_islet
D:13:     erik_vaults_1, serial_shops, shop_statue, shop,
          nicolae_shop_behind_doors, nicolae_qazlal_eye_of_the_storm, uniq_snorg
D:14:     hangedman_abyss_or_decor_slice
D:15:     grunt_enter_depths_magical_seal, minmay_crystal_water, uniq_agnes
Temple:   minmay_temple_curvy_loop
Lab:      labyrinth_mini_lab, labyrinth_glass_1, nicolae_lab_stuck,
          nicolae_lab_plus, nicolae_lab_swirl, labyrinth_fake_exit,
          nicolae_lab_blocks, nicolae_lab_grate
Bazaar:   bazaar_long_row

Skill      XL: |  1  2  3  4  5  6  7  8  9 10 11 12 13 |
---------------+----------------------------------------+-----
Dodging        | 3 4 5 6 7 9 10 11 12 | 12.5
Stealth        | 2 3 |  3.4
Fighting       | 4 5 6 8 9 12 13 14 | 14.5
Polearms       | 4 5 6 8 10 11 | 11.8
Staves         | 1 2 |  2.0
Evocations     | 1 |  1.2
Long Blades    | 5 6 |  6.2
Throwing       | |  0.3

Action                   |  1- 3 |  4- 6 |  7- 9 | 10-12 | 13-15 || total
-------------------------+-------+-------+-------+-------+-------++-------
Melee: Spear             |   149 |   277 |   831 |   322 |       ||  1579
       Tailslap          |    17 |    35 |   107 |   140 |    32 ||   331
       Quarterstaff      |       |       |       |   471 |   139 ||   610
       Lajatang          |       |       |       |       |    14 ||    14
Throw: Throwing net      |       |       |       |     2 |       ||     2
Invok: Call Merchant     |       |       |       |     1 |       ||     1
       Potion Petition   |       |       |       |     1 |       ||     1
 Abil: Breathe Steam     |       |       |     3 |     5 |       ||     8
Evoke: Wand              |       |       |       |     3 |       ||     3
  Use: Potion            |       |     3 |       |    16 |     2 ||    21
       Scroll            |       |       |     8 |    17 |     5 ||    30
 Stab: Sleeping          |     8 |     6 |    12 |     9 |     1 ||    36
       Distracted        |     2 |       |     3 |     9 |     5 ||    19
       Invisible         |       |       |       |     5 |       ||     5
       Held in net/web   |       |       |       |     1 |       ||     1
  Eat: Chunk             |     2 |     7 |     9 |       |       ||    18
       Ration            |       |       |     4 |     9 |     2 ||    15
Armor: Skin              |    27 |    40 |   105 |   139 |    30 ||   341
Dodge: Dodged            |    55 |   131 |   425 |   674 |   124 ||  1409

Table legend:
 A = Spawn XP
 B = Non-spawn XP
 C = Spawn XP percentage of total XP
 D = Spawn monster count
 E = Non-spawn monster count
 F = Spawn count percentage of total count
 G = Total turns spent on level
                    A         B        C        D         E        F      G
               +---------+---------+-------+---------+---------+-------+---------
         Total |       0 |   51731 |   0.0 |       0 |     418 |   0.0 | 20039
               +---------+---------+-------+---------+---------+-------+---------
           D:1 |       0 |      40 |   0.0 |       0 |      24 |   0.0 |   705
           D:2 |       0 |     210 |   0.0 |       0 |      30 |   0.0 |  1685
           D:3 |       0 |     292 |   0.0 |       0 |      17 |   0.0 |  1228
           D:4 |       0 |     365 |   0.0 |       0 |      21 |   0.0 |  1442
           D:5 |       0 |     753 |   0.0 |       0 |      19 |   0.0 |  1074
           D:6 |       0 |     818 |   0.0 |       0 |      22 |   0.0 |  1325
           D:7 |       0 |    1540 |   0.0 |       0 |      22 |   0.0 |  1592
           D:8 |       0 |    1260 |   0.0 |       0 |      32 |   0.0 |  1042
           D:9 |       0 |    1519 |   0.0 |       0 |      30 |   0.0 |  2042
          D:10 |       0 |    3627 |   0.0 |       0 |      26 |   0.0 |  1021
          D:11 |       0 |    6860 |   0.0 |       0 |      43 |   0.0 |  1004
          D:12 |       0 |    5179 |   0.0 |       0 |      54 |   0.0 |  1645
          D:13 |       0 |    8279 |   0.0 |       0 |      24 |   0.0 |  1266
          D:14 |       0 |    9359 |   0.0 |       0 |      25 |   0.0 |  1348
          D:15 |       0 |   10032 |   0.0 |       0 |      26 |   0.0 |   572
           Lab |       0 |    1598 |   0.0 |       0 |       3 |   0.0 |   698
               +---------+---------+-------+---------+---------+-------+---------
